 Dungeon Crawl Stone Soup version 0.27.1-33-g824d729ab1 (webtiles) character file.

Game seed: 14323001206929758369

70 worthlessgem the Digger (level 4, 0/30 HPs)
             Began as a Formicid Earth Elementalist on Dec 1, 2021.
             Slain by a centaur (6 damage)
             ... on level 4 of the Dungeon.
             The game lasted 00:14:15 (3588 turns).

worthlessgem the Digger (FoEE)                      Turns: 3588, Time: 00:14:16

Health: 0/30       AC:  4    Str: 13    XL:     4   Next: 44%
Magic:  4/8        EV: 12    Int: 15    God:
Gold:   90         SH:  0    Dex: 11    Spells: 2/8 levels left

rFire    . . .     SeeInvis +   a - +4 dagger
rCold    . . .     Faith    .   (no shield)
rNeg     . . .     Spirit   .   b - +0 robe
rPois    .         Reflect  .   (helmet unavailable)
rElec    .         Harm     .   q - +0 cloak
rCorr    .         Rampage  .   (no gloves)
Will     .....                  s - +0 pair of boots
Stlth    ++........             (no amulet)
HPRegen  0.10/turn              e - +4 ring of slaying
MPRegen  0.11/turn              m - ring of wizardry

@: no status effects
A: permanent stasis, dig shafts and tunnels, antennae 3, four strong arms
a: Dig, Shaft Self


You were on level 4 of the Dungeon.
You visited 1 branch of the dungeon, and saw 4 of its levels.

You collected 110 gold pieces.
You spent 20 gold pieces at shops.

Inventory:

Hand Weapons
 a - a +4 dagger (weapon)
 l - a +1 quarterstaff of speed
 n - a +1 dagger of electrocution
 r - a +3 rapier
Missiles
 c - 133 stones (quivered)
Armour
 b - a +0 robe (worn)
 q - a +0 cloak (worn)
 s - a +0 pair of boots (worn)
Jewellery
 e - a +4 ring of slaying (left hand)
 m - a ring of wizardry (right hand)
Scrolls
 d - 3 scrolls of teleportation {unknown}
 f - 2 scrolls of magic mapping {unknown}
 g - a scroll of identify
 h - a scroll of blinking {unknown}
 i - a scroll of vulnerability {unknown}
 j - a scroll of enchant weapon {unknown}
 k - a scroll of summoning {unknown}
 o - 3 scrolls of fear {unknown}
Potions
 p - a potion of ambrosia
 t - a potion of haste


   Skills:
 - Level 1.7 Dodging
 - Level 2.4 Stealth
 + Level 2.8 Spellcasting
 - Level 1.2 Conjurations
 - Level 1.1 Transmutations
 - Level 5.1 Earth Magic


You had 2 spell levels left.
You knew the following spells:

 Your Spells              Type           Power      Damage    Failure   Level
a - Sandblast             Erth           34%        2d9       1%          1
b - Passwall              Tmut/Erth      9%         N/A       3%          2
c - Stone Arrow           Conj/Erth      22%        3d8       7%          3

Your spell library contained the following spells:

 Spells                   Type           Power      Damage    Failure   Level
 Animate Skeleton         Necr           4%         N/A       9%          1
 Pain                     Necr           8%         1d4       9%          1
 Wereblood                Tmut           5%         N/A       9%          2
 Sublimation of Blood     Necr           1%         N/A       12%         2
 Petrify                  Tmut/Erth      11%        N/A       22%         4
 Vampiric Draining        Necr           1%         2d6       24%         3
 Summon Hydra             Summ           1%         N/A       100%        7


Dungeon Overview and Level Annotations

Branches:
Dungeon (4/15)
 Temple: D:4-7

Altars:

Shops:
D:4 ?

Annotations:
D:3 exclusions: orc and orc priest


Innate Abilities, Weirdness & Mutations

You cannot be hasted, slowed, berserked, paralysed or teleported.
You can dig through walls and to a lower floor.
You have a pair of large antennae on your head. (SInv)
Your four strong arms can wield two-handed weapons with a shield.


Message History

The centaur is moderately wounded.
c - 136 stones The centaur barely misses you.
The centaur closely misses you. The goblin hits you with a +0 club.
Casting: Sandblast (safe; 1% risk of failure)
Confirm with . or Enter, or press ? or * to list all spells.
Aiming: Sandblast (safe; 1% risk of failure)
Press: ? - help, Shift-Dir - straight line, f/p - centaur
Aim: a centaur, wielding a +0 hand axe and quivering arrows (moderately wounded, 87% to hit)
The blast of sand hits the centaur!
The centaur is severely wounded.
c - 135 stones The centaur hits you with a +0 hand axe.
The centaur kicks you but does no damage.
The goblin barely misses you. The centaur barely misses you.
The centaur kicks you but does no damage.
Casting: Sandblast (safe; 1% risk of failure)
Confirm with . or Enter, or press ? or * to list all spells.
Aiming: Sandblast (safe; 1% risk of failure)
Press: ? - help, Shift-Dir - straight line, f/p - centaur
Aim: a centaur, wielding a +0 hand axe and quivering arrows (severely wounded, 87% to hit)
The blast of sand hits the centaur.
The centaur is almost dead.
c - 134 stones The centaur hits you with a +0 hand axe.
* * * LOW HITPOINT WARNING * * *
The centaur barely misses you. The goblin barely misses you.
Casting: Sandblast (safe; 1% risk of failure)
Confirm with . or Enter, or press ? or * to list all spells.
Aiming: Sandblast (safe; 1% risk of failure)
Press: ? - help, Shift-Dir - straight line, f/p - centaur
Aim: a centaur, wielding a +0 hand axe and quivering arrows (almost dead, 87% to hit)
The blast of sand hits the centaur but does no damage.
The centaur is almost dead.
c - 133 stones The centaur barely misses you.
The centaur kicks you but does no damage.
The goblin barely misses you.
The centaur hits you with a +0 hand axe.
You die...

#...###.####
#.## ##.##
#.# #... #.#
#.# #### #.#
##.#### #.#
#.....#
#.###.###.#
#.....# c.
##c##.# ...
##@#..c #.
#g### #..
..........g#
.#
###########.#
# #. #. #. #.
#. #.


You could see a centaur and a goblin.

Vanquished Creatures
  2 adders
  An adder skeleton (D:4)
  2 worms
  A dart slug (D:1)
  3 ball pythons
  5 bats
  2 endoplasms (D:2)
  5 goblins
  3 hobgoblins
  3 jackals (D:2)
  2 quokkas
  A frilled lizard (D:1)
  5 kobolds
  3 rats
38 creatures vanquished.

Notes
Turn   | Place    | Note
-------+----------+-------------------------------------------
     0 | D:1      | worthlessgem the Formicid Earth Elementalist began the
                  | quest for the Orb.
     0 | D:1      | Reached XP level 1. HP: 13/13 MP: 3/3
   362 | D:1      | Reached skill level 4 in Earth Magic
   367 | D:1      | Reached XP level 2. HP: 14/19 MP: 5/5
   486 | D:1      | Learned a level 2 spell: Passwall
   495 | D:1      | Found a faded altar of an unknown god.
  1367 | D:2      | Reached XP level 3. HP: 21/24 MP: 6/6
  1422 | D:2      | Learned a level 3 spell: Stone Arrow
  1739 | D:2      | Reached skill level 5 in Earth Magic
  1939 | D:2      | Reached skill level 1 in Conjurations
  2583 | D:3      | Reached XP level 4. HP: 30/30 MP: 0/7
  3525 | D:4      | Found Tyukhlot's Magic Scroll Shop.
  3535 | D:4      | Bought a scroll of identify for 20 gold pieces
  3563 | D:4      | Noticed a centaur
  3588 | D:4      | Slain by a centaur

Illustrated notes

Levels and vault maps discovered:
D:1:      evilmike_arrival_fibonacci_small, layout_loops_ring,
          hellmonk_ecumenical_altar_zigzags
D:2:      layout_basic
D:3:      layout_basic
D:4:      layout_loops_ring, serial_shops, nicolae_shop_window_shopping,
          serial_glass, glass_columns_b, glass_columns_a, glass_columns_b,
          lightli_ossuary_entry_decrepit_ruins

Skill      XL: |  1  2  3 |
---------------+----------+-----
Earth Magic    | 4 5 |  5.1
Conjurations   | 1 |  1.2
Dodging        | |  1.7
Stealth        | |  2.4
Spellcasting   | |  2.8
Transmutations | |  1.1

Action                   |  1- 3 |  4- 6 || total
-------------------------+-------+-------++-------
Melee: Dagger            |    75 |     4 ||    79
       Quarterstaff      |    20 |    12 ||    32
Throw: Stone             |     1 |       ||     1
 Cast: Sandblast         |     6 |     4 ||    10
       Stone Arrow       |     3 |     1 ||     4
 Abil: Dig               |     3 |     1 ||     4
  Use: Scroll            |       |     2 ||     2
 Stab: Sleeping          |     5 |     2 ||     7
Armor: Robe              |    34 |     9 ||    43
Dodge: Dodged            |    61 |    14 ||    75
